AoeStats
← 一喜之狼一

Arena

507315542Analyzed
4v4 RM · 15d ago on Sep 17, 2026· 45m 11s· 8 players
Game mode
Random Map
Map size
Large (8 player)
Population
200
Speed
Normal
Resources
Standard
Victory
Conquest
Starting age
Dark Age
Ending age
Imperial Age
RankedLock teamsTeams togetherTeam positionsShared explorationLock speedFull tech treeHidden civsTurbo modeCheats
Victory
Defeat
🇬🇧 Poles · United Kingdom
1166
+14
🇳🇱 Tupi · Netherlands
1145
+15
🇫🇷 Byzantines · France
1110
+17
🇳🇱 Khmer · Netherlands
1040
+19
🇧🇷 Turks · Brazil
1143
-17
🇨🇦 Bengalis · Canada
1141
-17
🇨🇳 Burgundians · China
1105
-16
🇬🇧 Byzantines · United Kingdom
1099
-15
Starscream
10:30 Feudal Age
14:33 Castle Age
12:40 Double-Bit Axe
12:59 Horse Collar
16:32 Bow Saw
21:00 Wheelbarrow
22:47 Loom
23:15 Heavy Plow
23:39 Gold Mining
24:50 Hand Cart
24:21 Town Watch
25:32 Stone Mining
29:29 Imperial Age
27:15 Scale Barding Armor
27:21 Forging
27:54 Bloodlines
27:44 Husbandry
28:31 Chain Barding Armor
29:20 Iron Casting
29:14 Szlachta Privileges
29:37 Cavalier
30:47 Conscription
30:50 Lechitic Legacy
32:06 Blast Furnace
30:57 Fletching
31:29 Ballistics
31:47 Town Patrol
32:52 Chemistry
32:02 Fortified Wall
33:30 Light Cavalry
34:05 Bodkin Arrow
35:47 Murder Holes
36:03 Masonry
38:17 Siege Engineers
Nap0leoN
11:07 Feudal Age
15:54 Castle Age
15:55 Gold Mining
15:51 Horse Collar
20:10 Scale Barding Armor
22:01 Double-Bit Axe
24:41 Wheelbarrow
26:03 Bow Saw
30:37 Imperial Age
28:36 Husbandry
28:54 Forging
29:03 Fletching
31:06 Chain Barding Armor
31:40 Gold Shaft Mining
32:22 Chemistry
32:08 Conscription
32:54 Ballistics
32:49 Elite Skirmisher
33:44 Pikeman
34:25 Squires
34:03 Elite Cataphract
35:11 Loom
35:42 Hand Cart
36:39 Hoardings
36:47 Thumb Ring
36:39 Bodkin Arrow
38:14 Logistica
38:42 Iron Casting
40:13 Plate Barding Armor
40:38 Padded Archer Armor
41:12 Bracer
42:15 Leather Archer Armor
42:27 Scale Mail Armor
44:21 Light Cavalry
Builder
10:38 Feudal Age
12:13 Wheelbarrow
15:14 Castle Age
14:08 Double-Bit Axe
14:04 Horse Collar
15:14 Gold Mining
17:10 Heavy Plow
17:22 Bow Saw
18:05 Wheelbarrow
19:30 Town Watch
27:34 Imperial Age
25:13 Padded Archer Armor
26:11 Fletching
26:36 Leather Archer Armor
26:46 Leather Archer Armor
26:52 Hand Cart
27:19 Loom
28:17 Ballistics
28:08 Bodkin Arrow
30:12 Bracer
30:42 Ring Archer Armor
31:09 Town Patrol
31:47 Conscription
32:39 Chemistry
31:56 Curare
32:35 Ring Archer Armor
32:46 Crossbowman
33:32 Scale Mail Armor
33:38 Caciques
33:46 Caciques
33:51 Elite Blackwood Archer
35:30 Pikeman
36:26 Chain Mail Armor
36:21 Forging
36:45 Halberdier
39:06 Iron Casting
40:05 Plate Mail Armor
40:52 Curare
[RPTea] Sir_Craenen
11:01 Feudal Age
15:05 Castle Age
14:47 Double-Bit Axe
19:23 Bow Saw
18:55 Horse Collar
20:46 Heavy Plow
24:17 Gold Mining
26:09 Wheelbarrow
25:20 Loom
30:13 Imperial Age
27:47 Stone Mining
28:34 Husbandry
28:43 Scale Barding Armor
28:49 Forging
29:12 Bloodlines
30:17 Chain Barding Armor
31:20 Gold Shaft Mining
32:23 Crop Rotation
32:51 Iron Casting
33:00 Plate Barding Armor
34:05 Conscription
34:04 Elite Battle Elephant
35:32 Stone Shaft Mining
36:25 Fortified Wall
37:24 Blast Furnace
39:51 Chemistry
39:19 Fletching
41:58 Caravan
42:35 Tusk Swords
45:11 Hoardings
45:41 Hand Cart
45:11 Town Watch
SideMeerkat6918
0:46 Loom
13:27 Feudal Age
13:49 Horse Collar
14:46 Wheelbarrow
13:59 Double-Bit Axe
21:31 Castle Age
20:01 Stone Mining
20:02 Gold Mining
20:36 Forging
21:15 Scale Barding Armor
22:39 Husbandry
22:44 Heavy Plow
22:56 Bow Saw
24:07 Iron Casting
30:17 Hand Cart
34:54 Imperial Age
33:42 Scale Mail Armor
34:03 Chain Barding Armor
34:07 Pikeman
34:48 Squires
36:12 Gold Shaft Mining
36:11 Conscription
37:44 Plate Barding Armor
37:24 Chain Mail Armor
36:53 Halberdier
40:30 Logistica
41:56 Plate Mail Armor
42:31 Two-Man Saw
42:41 Crop Rotation
vince.dion123
11:12 Feudal Age
12:49 Loom
15:53 Castle Age
13:43 Double-Bit Axe
14:19 Horse Collar
18:42 Wheelbarrow
22:16 Town Watch
23:13 Bow Saw
23:28 Fervor
25:02 Gold Mining
25:02 Stone Mining
29:21 Imperial Age
26:45 Fletching
27:56 Gold Shaft Mining
27:28 Husbandry
27:40 Bloodlines
29:17 Bodkin Arrow
30:22 Ballistics
31:06 Chemistry
30:34 Ballistics
30:18 Bracer
31:07 Conscription
31:52 Heavy Plow
32:06 Padded Archer Armor
32:42 Elite Elephant Archer
33:39 Leather Archer Armor
34:55 Hand Cart
34:42 Town Patrol
36:04 Paiks
37:29 Two-Man Saw
37:54 Ring Archer Armor
38:45 Murder Holes
39:51 Chemistry
39:54 Fortified Wall
TheLawRøcK®
11:05 Feudal Age
13:04 Wheelbarrow
13:08 Double-Bit Axe
16:06 Castle Age
14:41 Horse Collar
16:55 Heavy Plow
17:11 Bow Saw
19:49 Hand Cart
21:17 Gold Mining
22:15 Stone Mining
24:15 Gold Shaft Mining
29:32 Imperial Age
27:10 Fletching
29:11 Bodkin Arrow
31:25 Ballistics
31:54 Fortified Wall
32:26 Artillery
32:36 Scale Barding Armor
32:51 Bracer
32:58 Elite Janissary
39:46 Padded Archer Armor
41:28 Leather Archer Armor
43:52 Ring Archer Armor
一喜之狼一
6:04 Double-Bit Axe
10:48 Feudal Age
11:40 Bow Saw
16:12 Castle Age
14:34 Gold Mining
14:28 Horse Collar
15:17 Heavy Plow
18:26 Two-Man Saw
24:02 Gold Shaft Mining
28:11 Imperial Age
26:28 Cavalier
27:08 Husbandry
27:23 Forging
27:18 Scale Barding Armor
28:45 Wheelbarrow
29:24 Iron Casting
29:52 Chemistry
30:41 Paladin
31:28 Treadmill Crane
33:26 Blast Furnace
32:47 Chain Barding Armor
34:42 Conscription
36:18 Burgundian Vineyards
37:00 Elite Skirmisher
37:33 Fletching
37:44 Padded Archer Armor
37:53 Elite Skirmisher
38:58 Hand Cart
38:32 Loom
39:24 Bodkin Arrow
39:44 Elite Skirmisher
40:28 Bracer
40:43 Leather Archer Armor
40:34 Squires
43:20 Blast Furnace
Connection lost

Rejoining the realm…

Still unreachable

The connection could not be restored.

Session expired

The server has moved on; the page needs a fresh start.